 Dungeon Crawl Stone Soup version 0.28-a0-1167-g616b1c6417 (webtiles) character file.

Game seed: 7138539694534795504

138 BinkBink the Ducker (level 5, -1/61 HPs)
             Began as a Demonspawn Monk on Dec 16, 2021.
             Slain by Grinder (6 damage)
             ... on level 3 of the Dungeon.
             The game lasted 00:04:09 (2851 turns).

BinkBink the Ducker (Demonspawn Monk)               Turns: 2851, Time: 00:04:10

Health: -1/61      AC: 22    Str: 12    XL:     5   Next: 1%
Magic:  5/5        EV:  2    Int: 11    God:
Gold:   65         SH:  0    Dex: 21    Spells: 4/4 levels left

rFire   . . .      SeeInvis .   a - +0 short sword
rCold   . . .      Faith    +   (no shield)
rNeg    . . .      Spirit   .   (armour currently unavailable)
rPois   +          Reflect  .   (helmet currently unavailable)
rElec   .          Harm     .   (cloak currently unavailable)
rCorr   .          Rampage  .   (gloves currently unavailable)
Will    .....      NoTele   +   (boots currently unavailable)
Stlth   ++++......              d - amulet of faith
HPRegen 0.20/turn               (no ring)
MPRegen 0.09/turn               (no ring)

@: brilliant, tree-form, invisible
A: stationary, stasis, torment immunity, boosted hp, thin skeletal structure 2,
demonic magic 1, (claws 1), (poison resistance)
a: no special abilities


You were on level 3 of the Dungeon.
You were a tree.
You visited 1 branch of the dungeon, and saw 3 of its levels.

You collected 65 gold pieces.

Inventory:

Hand Weapons
 a - a +0 short sword (weapon)
Armour
 b - a +0 robe (melded)
 l - a +0 helmet (melded)
 r - a +2 cloak (melded)
Jewellery
 d - an amulet of faith (around neck)
Scrolls
 f - a scroll of acquirement {unknown}
 g - a scroll of noise {unknown}
 j - a scroll of enchant weapon {unknown}
 k - 3 scrolls of magic mapping {unknown}
 m - a scroll of amnesia {unknown}
 n - a scroll of teleportation {unknown}
 q - a scroll of blinking {unknown}
Potions
 i - a potion of brilliance


   Skills:
 - Level 3.0 Fighting
 + Level 4.1 Short Blades
 + Level 4.1 Dodging
 + Level 1.7 Stealth


You had 4 spell levels left.
You didn't know any spells.
Your spell library contained the following spells:

 Spells                   Type           Power      Damage    Failure   Level
 Shock                    Conj/Air       0%         1d3       34%         1
 Swiftness                Air            0%         N/A       71%         3
 Airstrike                Air            0%         N/A       98%         4


Dungeon Overview and Level Annotations

Branches:
Dungeon (3/15)

Altars:

Annotations:
D:3 1 runed translucent door, Crazy Yiuf, Grinder


Innate Abilities, Weirdness & Mutations

You are a tree.
Your roots penetrate the ground, keeping you stationary.
You cannot be teleported.
You are immune to unholy pain and torment.
Your maximum health is greatly increased.
Your equipment is partially melded.
You have a moderately thin skeletal structure. (Dex +4, Stealth++)
Spells you cast may paralyse adjacent enemies.
((You have sharp fingernails.))
((Your system is resistant to poisons. (rPois)))


Message History

You cannot move.
You feel less wooden.
Your +2 cloak unmelds from your body.
Your +0 helmet unmelds from your body.
Your +0 robe unmelds from your body.
Grinder gestures at you. Pain shoots through your body!
You barely miss Grinder.
Grinder is moderately wounded.
Grinder says, "Mostly I couldn't keep them alive."
Grinder hits you but does no damage.
You closely miss Grinder.
Grinder is moderately wounded.
Grinder gestures at you. Pain shoots through your body!
* * * LOW HITPOINT WARNING * * *
It was a potion of invisibility.
You fade into invisibility!
Grinder closely misses you.
Really quaff the potion of lignification?
You turn into a tree.
Your +2 cloak melds into your body.
Your +0 helmet melds into your body.
Your +0 robe melds into your body.
Your roots penetrate the ground.
Grinder hits you but does no damage.
You closely miss Grinder.
Grinder is moderately wounded.
Grinder hits you but does no damage.
You hit Grinder.
Grinder is heavily wounded.
Grinder blinks!
You hit Grinder but do no damage.
Grinder is heavily wounded.
You hit Grinder.
Grinder is heavily wounded.
Grinder blinks!
You hit Grinder.
Grinder is severely wounded.
Grinder blinks!
You closely miss Grinder.
Grinder is severely wounded.
Grinder hits you.
You die...

# .#.... # .5... # #... #
###### #..# ###### #....#
#..#
.....#########....#####..#
........................>#
.....#########.5.§########
###### #..♣.# #....#
#....# #####....###
###..........#
#............#
#.############ #.#
#.###♣♣♣♣♣


You could see Grinder.

Vanquished Creatures
  Jessica (D:2)
  Natasha (D:3)
  A gnoll (D:1)
  4 adders (D:2)
  2 dart slugs (D:2)
  3 ball pythons
  2 endoplasms
  4 giant cockroaches
  5 goblins
  A hobgoblin (D:2)
  4 kobolds
  2 quokkas
  4 bats
  3 frilled lizards
  3 rats
40 creatures vanquished.

Notes
Turn   | Place    | Note
-------+----------+-------------------------------------------
     0 | D:1      | BinkBink the Demonspawn Monk began the quest for the Orb.
     0 | D:1      | Reached XP level 1. HP: 18/18 MP: 1/1
   295 | D:1      | Gained mutation: Spells you cast may paralyse adjacent
                  | enemies. [demonic ancestry]
   295 | D:1      | Reached XP level 2. HP: 23/24 MP: 2/2
  1345 | D:2      | Reached XP level 3. HP: 25/29 MP: 3/3
  1920 | D:2      | Gained mutation: You have a somewhat thin skeletal
                  | structure. (Dex +2, Stealth+) [demonic ancestry]
  1920 | D:2      | Reached XP level 4. HP: 35/35 MP: 4/4
  1933 | D:2      | Noticed Jessica
  1940 | D:2      | Killed Jessica
  2278 | D:3      | Noticed Natasha
  2296 | D:3      | Killed Natasha
  2496 | D:3      | Gained mutation: You have a moderately thin skeletal
                  | structure. (Dex +4, Stealth++) [demonic ancestry]
  2496 | D:3      | Reached XP level 5. HP: 29/41 MP: 5/5
  2663 | D:3      | Found a runed translucent door.
  2664 | D:3      | Noticed Crazy Yiuf
  2711 | D:3      | Noticed Grinder
  2812 | D:3      | Gained mutation: Your system is resistant to poisons.
                  | (rPois) [potion of mutation]
  2812 | D:3      | Gained mutation: You have sharp fingernails. [potion of
                  | mutation]
  2815 | D:3      | Paralysed by Grinder for 4 turns
  2838 | D:3      | HP: 1/41 [Grinder/nerve-wracking pain (14)]
  2851 | D:3      | Slain by Grinder

Illustrated notes

Levels and vault maps discovered:
D:1:      mrwooster_arrival_statue, layout_basic
D:2:      layout_basic, serial_glass, glass_columns_b, glass_columns_a,
          glass_columns_b, glass_columns_a, glass_columns_a, glass_columns_b,
          glass_columns_b, glass_columns_c, glass_columns_a, glass_columns_c,
          glass_columns_c, glass_columns_a, glass_columns_a, glass_columns_a,
          uniq_jessica
D:3:      layout_basic, ashenzari_altar_1,
          shapermc_ecumenical_altar_mp_highgroup, uniq_grinder, uniq_ijyb,
          uniq_natasha, uniq_crazy_yiuf_cottage

Skill      XL: |  1  2  3  4 |
---------------+-------------+-----
Short Blades   | 3 4 |  4.1
Dodging        | 3 4 |  4.1
Fighting       | |  3.0
Stealth        | |  1.7

Action                   |  1- 3 |  4- 6 || total
-------------------------+-------+-------++-------
Melee: Short sword       |   108 |    59 ||   167
  Use: Potion            |       |     7 ||     7
 Stab: Sleeping          |     5 |     3 ||     8
Armor: Robe              |    10 |     3 ||    13
       Skin              |       |    14 ||    14
Dodge: Dodged            |    55 |    14 ||    69

Table legend: (Time is in decaauts)
 A = Elapsed time spent in this place.
 B = Non-inter-level travel time spent in this place.
 C = Inter-level travel time spent in this place.
 D = Time resting spent in this place.
 E = Time spent auto-exploring this place.
 F = Levels seen in this place.
 G = Mean time per level.
                   A        B        C        D        E       F      G
               +--------+--------+--------+--------+--------+-----+--------+
         Total |   2837 |   2781 |     56 |      0 |   2348 |   3 |  945.7 |
       Dungeon |   2837 |   2781 |     56 |      0 |   2348 |   3 |  945.7 |
               +--------+--------+--------+--------+--------+-----+--------+

Top non-repeatable levels by time:
     D:1: 1334 daAuts
     D:2: 901 daAuts
     D:3: 600 daAuts
